 Dungeon Crawl Stone Soup version 0.29.1-15-g9cfb28693d (webtiles) character file.

Game seed: 4763838387305004138

36673 wingedge the Dealer of Despair (level 14, -3/172 HPs)
             Began as a Human Necromancer on Mar 9, 2023.
             Was an Elder of Kikubaaqudgha.
             Slain by a red draconian
             ... wielding a +0 glaive
              (20 damage)
             ... in a volcano on Mar 16, 2023.
             The game lasted 01:49:09 (23318 turns).

wingedge the Dealer of Despair (Human Necromancer) Turns: 23318, Time: 01:49:09

Health: -3/172     AC: 10    Str:  5    XL:     14   Next: 25%
Magic:  8/26       EV: 16    Int: 22    God:    Kikubaaqudgha [****..]
Gold:   694        SH:  7    Dex: 15    Spells: 3/29 levels left

rFire   + . .      SeeInvis .   a - +4 demon blade (elec)
rCold   . . .      Faith    .   K - +2 buckler
rNeg    . . .      Spirit   .   o - +1 robe {Will+}
rPois   +          Reflect  .   w - +2 hat
rElec   .          Harm     .   E - +1 cloak "Qoewn" {Rampage rPois Str-5 Int+4}
rCorr   .          Rampage  +   P - +0 pair of gloves
Will    ++...                   x - +1 pair of boots
Stlth   ..........              (no amulet)
HPRegen 0.38/turn               c - ring of protection from fire
MPRegen 0.20/turn               H - +4 ring of evasion

@: berserking, death channelling, hasted, studying Hexes, very quick
A: no striking features
a: Renounce Religion, Unearth Wretches


You were in a volcano.
You worshipped Kikubaaqudgha.
Kikubaaqudgha was greatly pleased with you.
You visited 3 branches of the dungeon, and saw 15 of its levels.
You visited the Abyss 1 time.
You also visited: Sewer, Ossuary and Volcano.

You collected 934 gold pieces.
You spent 240 gold pieces at shops.

Inventory:

Hand Weapons
 a - a +4 demon blade of electrocution (weapon)
 d - a +1 demon blade of distortion
 h - a +1 falchion of holy wrath
 S - a +4 scimitar of flaming
 U - a +5 long sword of freezing
Missiles
 q - 4 boomerangs of dispersal (quivered)
Armour
 k - the +1 leather armour of the Abyss {rC+}
   (You found it on level 2 of the Lair of Beasts)

   rC:        It protects you from cold.
 o - a +1 robe of willpower (worn)
 t - a +0 kite shield
 w - a +2 hat (worn)
 x - a +1 pair of boots (worn)
 E - the +1 cloak "Qoewn" (worn) {Rampage rPois Str-5 Int+4}
   (You found it on level 5 of the Dungeon)

   Str:       It affects your strength (-5).
   Int:       It affects your intelligence (+4).
   rPois:     It protects you from poison.
   Rampage:   It bestows one free step when moving towards enemies.
 K - a +2 buckler (worn)
 P - a +0 pair of gloves (worn)
Magical Staves
 n - a staff of fire
Jewellery
 c - a ring of protection from fire (left hand)
 r - a ring of wizardry
 s - a +6 ring of strength
 u - a ring of willpower
 D - an amulet of faith
 F - a ring of resist corrosion
 H - a +4 ring of evasion (right hand)
 V - a ring of poison resistance
Wands
 v - a wand of quicksilver (10)
 B - a wand of iceblast (17)
 G - a wand of charming (10)
Scrolls
 e - 6 scrolls of teleportation
 j - 3 scrolls of immolation
 l - 3 scrolls of blinking
 p - 4 scrolls of fog
 y - a scroll of magic mapping
 Q - a scroll of noise {unknown}
 R - 2 scrolls of poison
 T - 2 scrolls of vulnerability {unknown}
Potions
 b - a potion of magic
 g - a potion of haste
 i - 2 potions of lignification {unknown}
 m - 4 potions of degeneration {unknown}
 z - a potion of invisibility {unknown}
 A - 3 potions of brilliance {unknown}
 C - 6 potions of curing
 I - 3 potions of resistance {unknown}
 L - 8 potions of attraction
 M - 4 potions of cancellation
 N - 2 potions of flight
 O - a potion of might {unknown}
 W - 4 potions of mutation
Miscellaneous
 f - a box of beasts (inert)


   Skills:
 + Level 12.0 Fighting
 + Level 8.6 Long Blades
 - Level 2.0 Dodging
 - Level 4.0 Stealth
 + Level 2.9 Shields
 - Level 8.0 Spellcasting
 - Level 5.0 Conjurations
 + Level 12.3 Necromancy
 + Level 7.0 Ice Magic
 - Level 7.0 Earth Magic


You had 3 spell levels left.
You knew the following spells:

 Your Spells              Type           Power      Damage    Failure   Level
a - Necrotise             Necr           100%       1d9       1%          1
b - Sandblast             Erth           78%        2d17      1%          1
c - Stone Arrow           Conj/Erth      70%        3d11      2%          3
d - Animate Dead          Necr           58%        N/A       1%          4
e - Sublimation of Blood  Necr           58%        N/A       1%          2
f - Ozocubu's Armour      Ice            39%        N/A       1%          3
g - Death Channel         Necr           29%        N/A       10%         6
h - Simulacrum            Ice/Necr       25%        N/A       28%         6

Your spell library contained the following spells:

 Spells                   Type           Power      Damage    Failure   Level
 Magic Dart               Conj           100%       1d8       1%          1
 Frozen Ramparts          Ice            78%        1d12      1%          3
 Vampiric Draining        Necr           58%        2d10      1%          3
 Passwall                 Tmut/Erth      20%        N/A       3%          2
 Slow                     Hex            32%        N/A       10%         1
 Call Imp                 Summ           8%         N/A       14%         2
 Mephitic Cloud           Conj/Pois/Air  16%        N/A       16%         3
 Confusing Touch          Hex            8%         N/A       28%         3
 Gell's Gravitas          Tloc           8%         N/A       28%         3
 Lesser Beckoning         Tloc           8%         N/A       28%         3
 Teleport Other           Tloc           8%         N/A       28%         3
 Dispel Undead            Necr           58%        3d21      1%          4
 Agony                    Necr           58%        N/A       1%          5
 Corpse Rot               Necr/Pois/Air  26%        N/A       19%         4
 Ice Form                 Ice/Tmut       24%        N/A       22%         4
 Summon Ice Beast         Ice/Summ       24%        N/A       22%         4
 Ozocubu's Refrigeration  Ice            19%        4d11      99%         7


Dungeon Overview and Level Annotations

Branches:
Dungeon (10/15)            Temple (1/1) D:4            Lair (4/5) D:9
 Shoals (0/4) Lair:3       Spider (0/4) Lair:2          Orc (0/2) D:9
  Sewer (visited)         Ossuary (visited)         Volcano (1/1)
  Slime: Lair:4-5

Altars:
Ashenzari
Cheibriados
Elyvilon
Gozag
Hepliaklqana
Kikubaaqudgha
Makhleb
Nemelex Xobeh
Okawaru
Qazlal
Sif Muna
Vehumet
Wu Jian
Xom
Yredelemnul
Zin

Shops:
D:5 *   D:8 :   D:10 *


Message History

The red draconian is moderately wounded.
Your larval batsting beast hits the red draconian.
Your larval batsting beast stings the red draconian but does no damage.
The molten gargoyle hits you with a +0 flail!
You are engulfed in flames.
You resist.
* * * LOW HITPOINT WARNING * * *
The red draconian hits your larval batsting beast from afar with a +0 glaive!
You slash the red draconian!
Lightning courses through the red draconian!
The red draconian is heavily wounded.
Your larval batsting beast closely misses the red draconian.
The molten gargoyle blasts magma at you!
The bolt of magma hits you! You partially resist.
* * * LOW HITPOINT WARNING * * *
Your larval batsting beast barely misses the red draconian.
The red draconian misses you.
You feel yourself speed up.
Your larval batsting beast stings the red draconian from afar.
Your larval batsting beast misses the red draconian.
The red draconian barely misses you.
A red film seems to cover your vision as you go berserk!
You feel yourself moving faster!
You feel mighty!
Your larval batsting beast stings the red draconian from afar.
You hit the red draconian.
Lightning courses through the red draconian!
The red draconian is severely wounded.
You block the molten gargoyle's attack.
Your larval batsting beast closely misses the red draconian.
The red draconian hits you with a +0 glaive!
* * * LOW HITPOINT WARNING * * *
You slash the red draconian!
The red draconian is severely wounded.
Your larval batsting beast stings the red draconian but does no damage.
The molten gargoyle barely misses you.
You closely miss the red draconian.
The red draconian is severely wounded.
Your larval batsting beast barely misses the red draconian.
The red draconian hits you with a +0 glaive!!
You die...
Kikubaaqudgha rasps: "You have failed me!
Welcome... death!"

#..####..# #..# #).# ...
#..####..# ... #).'.##.(#
##9. #..####..# ~~#.#
#..####..# ~ ~..#
#..'.##..# §§~
#..##..####..#
~§~~~#..#@9# #..########
§§~~~~..d..####..##8..8.##
~~~~~~#.'..#8...8.+.....8#
#~~~~~.H####......+......#
###~##### #...⌠).#...∩.∩#
~~ #......'......# ~§
#8...8.'.....8# §
####..##8..8.##
#..########


You could see a red draconian (ally target, simulacrum), a molten gargoyle and a
friendly larval batsting beast (summoned).

Vanquished Creatures
  Gastronok (Lair:2)
  A ghost moth (Abyss:3)
  A hydra (Lair:3)
  3 death yaks
  5 hell knights (D:10)
  The ghost of BuddhaDhamma the Cleaver, a novice MiBe of Trog (D:7)
  A glowing orange brain (Abyss:3)
  Pikel (D:9)
  A lindwurm (Lair:4)
  2 necromancers (D:10)
  2 oklob plants (Lair:2)
  2 cyclopes (Volcano)
  2 elephants (Lair:3)
  5 cane toads
  2 black mambas
  2 gargoyles (Volcano)
  A torpor snail (Lair:1)
  5 komodo dragons
  4 rime drakes
  A hornet (D:7)
  2 wyverns
  11 yaks
  4 starcursed masses (Abyss:3)
  A basilisk (Lair:2)
  7 hell hounds (D:10)
  An acid dragon (D:9)
  7 water moccasins
  2 large abominations (Abyss:3)
  3 black bears
  5 orc warriors
  2 sky beasts
  2 ice beasts
  An ogre (D:6)
  A phantom (D:5)
  A small abomination (Abyss:3)
  4 centaurs
  A lemure (D:9)
  2 kobold brigands (D:8)
  9 bullfrogs
  6 scorpions
  2 gnoll sergeants
  9 wights
  14 killer bees
  A crimson imp (D:6)
  5 howler monkeys
  4 centaur zombies (Ossuary)
  A jelly (D:7)
  6 orc priests
  4 hounds
  Crazy Yiuf (D:3)
  A gnoll bouda (D:5)
  5 iguanas
  7 orc wizards
  5 mummies (Ossuary)
  A howler monkey zombie (D:7)
  4 adders
  13 gnolls
  A river rat (D:6)
  A shadow imp (D:7)
  A white imp (D:7)
  An ufetubus (D:5)
  3 worms
  2 dart slugs
  33 orcs
  6 ball pythons
  7 endoplasms
  2 giant cockroaches
  11 goblins
  11 hobgoblins
  3 quokkas
  10 bats
  5 frilled lizards
  4 hobgoblin zombies (Ossuary)
  17 kobolds
  13 rats
329 creatures vanquished.

Vanquished Creatures (collateral kills)
  A catoblepas (Lair:4)
  A thrashing horror (Abyss:3)
  4 death yaks (Lair:2)
  A hell knight (D:10)
  2 oklob plants (Lair:2)
  3 elephants
  2 black mambas (Lair:1)
  A gargoyle (Volcano)
  A komodo dragon (Lair:1)
  3 cane toads
  A freezing wraith (Abyss:3)
  A polar bear (Lair:4)
  A troll (D:10)
  A snapping turtle (Lair:3)
  A large abomination (Abyss:3)
  A wyvern (Lair:3)
  A yak (D:10)
  A wraith (D:9)
  A basilisk (Lair:4)
  2 water moccasins
  A centaur (D:8)
  3 wolves (Lair:2)
  A lemure (D:9)
  A bullfrog (Lair:2)
  A small abomination (Abyss:3)
  2 killer bees (D:9)
  An electric eel (Lair:3)
  A howler monkey (D:10)
  A spectral centaur (D:7)
  An orc priest (D:9)
  A centaur skeleton (D:7)
  4 gnolls
  A river rat (D:6)
  5 orcs (D:9)
  A bat (Sewer)
  2 endoplasms
  2 kobolds (D:8)
  2 rats
61 creatures vanquished.

Vanquished Creatures (others)
  A hydra (Lair:1)
  2 black mambas (Lair:4)
  2 cane toads (Lair:4)
  A komodo dragon (Lair:1)
  2 cane toad zombies
  2 water moccasins
  An orc warrior (D:9)
  A bullfrog (Lair:4)
  A water moccasin zombie (Lair:2)
  4 yak zombies (D:10)
  3 wolf zombies (Lair:2)
  A centaur zombie (D:8)
  A bullfrog zombie (Lair:2)
  6 killer bee zombies (D:9)
  An acid dragon zombie (D:9)
  A hound zombie (D:7)
  An iguana zombie (D:7)
  14 orc zombies
  An endoplasm (D:7)
  An endoplasm zombie (D:7)
  2 gnoll zombies (D:7)
  6 kobold zombies (D:8)
  40 fungi
  66 plants
161 creatures vanquished.

Grand Total: 551 creatures vanquished

Notes
Turn   | Place    | Note
-------+----------+-------------------------------------------
     0 | D:1      | wingedge the Human Necromancer began the quest for the Orb.
     0 | D:1      | Reached XP level 1. HP: 13/13 MP: 3/3
   246 | D:1      | Reached XP level 2. HP: 19/19 MP: 2/5
   836 | D:1      | Reached XP level 3. HP: 25/25 MP: 3/7
   849 | D:1      | Reached skill level 1 in Fighting
  1717 | D:2      | Reached XP level 4. HP: 33/33 MP: 4/8
  2168 | D:2      | Learned a level 1 spell: Sandblast
  2795 | D:3      | Found a runed translucent door.
  2796 | D:3      | Noticed Crazy Yiuf
  2824 | D:3      | Killed Crazy Yiuf
  2825 | D:3      | Reached skill level 1 in Earth Magic
  2825 | D:3      | Reached XP level 5. HP: 8/38 MP: 0/10
  3515 | D:4      | Found a staircase to the Ecumenical Temple.
  3525 | Temple   | Entered the Ecumenical Temple
  3597 | Temple   | Became a worshipper of Kikubaaqudgha
  3680 | D:4      | Reached XP level 6. HP: 44/44 MP: 8/12
  3773 | D:4      | Found a sand-covered staircase.
  3895 | Ossuary  | Entered an ossuary
  3988 | Ossuary  | Reached skill level 1 in Conjurations
  3996 | Ossuary  | Reached XP level 7. HP: 34/50 MP: 1/13
  4009 | Ossuary  | Reached * piety under Kikubaaqudgha
  4009 | Ossuary  | Received a gift from Kikubaaqudgha
  4343 | D:4      | Learned a level 3 spell: Stone Arrow
  4348 | D:4      | Learned a level 4 spell: Animate Dead
  4351 | D:4      | Learned a level 2 spell: Sublimation of Blood
  4722 | D:5      | Entered Level 5 of the Dungeon
  5011 | D:5      | Reached skill level 5 in Spellcasting
  5378 | D:5      | Reached XP level 8. HP: 56/56 MP: 8/15
  5535 | D:5      | Reached skill level 5 in Earth Magic
  6317 | D:5      | Found Luxelar's Luxury Loot.
  6453 | D:5      | Identified the +1 cloak "Qoewn" {Rampage rPois Str-5 Int+4}
  6603 | D:5      | You fall into a shaft and drop 2 floors!
  6665 | D:7      | Noticed a hornet
  6784 | D:6      | Reached XP level 9. HP: 53/63 MP: 9/17
  6877 | D:6      | Found a glowing drain.
  6941 | Sewer    | Entered a sewer
  7250 | D:6      | Found a burning altar of Makhleb.
  7252 | D:6      | Reached skill level 5 in Conjurations
  7465 | D:6      | Reached ** piety under Kikubaaqudgha
  7466 | D:6      | Reached skill level 5 in Necromancy
  8615 | D:7      | Found an ornate altar of the Wu Jian Council.
  9211 | D:7      | Found a runed translucent gate.
  9211 | D:7      | Found a runed translucent gate.
  9211 | D:7      | Found a runed translucent gate.
  9217 | D:7      | Noticed BuddhaDhamma's ghost (novice MiBe)
  9243 | D:7      | Killed BuddhaDhamma's ghost
  9244 | D:7      | Reached skill level 5 in Fighting
  9244 | D:7      | Reached XP level 10. HP: 65/74 MP: 3/19
 10012 | D:8      | Found Nih Xath's Book Emporium.
 10021 | D:8      | Reached skill level 1 in Long Blades
 10339 | D:8      | Found a radiant altar of Vehumet.
 10366 | D:8      | Found a shimmering altar of Xom.
 10368 | D:8      | Found an opulent altar of Gozag.
 10370 | D:8      | Found a stormy altar of Qazlal.
 10370 | D:8      | Found an iron altar of Okawaru.
 10371 | D:8      | Found a snail-covered altar of Cheibriados.
 10373 | D:8      | Found a basalt altar of Yredelemnul.
 10886 | D:9      | Noticed a komodo dragon
 10912 | D:9      | Killed a komodo dragon
 11223 | D:9      | Reached *** piety under Kikubaaqudgha
 11223 | D:9      | Received a gift from Kikubaaqudgha
 11245 | D:8      | Bought Ozocubu's Autobiography for 240 gold pieces
 11249 | D:8      | Learned a level 3 spell: Ozocubu's Armour
 11365 | D:8      | Learned a level 6 spell: Death Channel
 11446 | D:9      | Reached XP level 11. HP: 85/85 MP: 0/21
 11453 | D:9      | Reached skill level 1 in Ice Magic
 11901 | D:9      | Found a staircase to the Orcish Mines.
 12628 | D:9      | Noticed Pikel
 12643 | D:9      | Killed Pikel
 12936 | D:9      | Found a staircase to the Lair.
 12994 | D:9      | Found a shimmering blue altar of Sif Muna.
 13029 | D:10     | Entered Level 10 of the Dungeon
 13629 | D:10     | Found Zin's Purification Station.
 13634 | D:10     | Found a glowing silver altar of Zin.
 13714 | D:10     | Reached **** piety under Kikubaaqudgha
 13911 | D:10     | Noticed a hell knight
 13928 | D:10     | Killed a hell knight
 13931 | D:10     | HP: 2/87 [hell hound/blast of flame (17)]
 14314 | D:10     | Reached skill level 5 in Long Blades
 14972 | D:10     | Noticed a hell knight
 15067 | D:10     | Noticed a hell knight
 15067 | D:10     | Noticed a hell knight
 15108 | D:10     | Killed a hell knight
 15237 | D:10     | Noticed a necromancer
 15242 | D:10     | Killed a necromancer
 15243 | D:10     | Reached XP level 12. HP: 62/95 MP: 9/24
 15404 | D:10     | Noticed a hell knight
 16273 | D:10     | Killed a hell knight
 16445 | D:10     | Killed a hell knight
 16528 | D:10     | Killed a hell knight
 16611 | D:10     | Noticed a hell knight
 16618 | D:10     | Killed a hell knight
 16685 | Lair:1   | Entered Level 1 of the Lair of Beasts
 16737 | Lair:1   | Reached skill level 10 in Fighting
 16961 | Lair:1   | Noticed a death yak
 16971 | Lair:1   | Killed a death yak
 16972 | Lair:1   | Reached skill level 10 in Necromancy
 17126 | Abyss:3  | Cast into level 3 of the Abyss (unwielding a weapon of
                  | distortion)
 17140 | Abyss:3  | Noticed a green draconian
 17165 | Abyss:3  | Noticed a starcursed mass
 17168 | Abyss:3  | Noticed a shadow demon
 17169 | Abyss:3  | Noticed a glowing orange brain
 17171 | Abyss:3  | Killed a glowing orange brain
 17177 | Abyss:3  | Noticed a hellephant
 17351 | Abyss:3  | Noticed a glowing orange brain
 17361 | Abyss:3  | Noticed a wretched star
 17364 | Abyss:3  | Noticed a starcursed mass
 17618 | Abyss:3  | Noticed a starcursed mass
 17650 | Abyss:3  | Killed a ghost moth
 17670 | Abyss:3  | Noticed a thrashing horror
 17671 | Abyss:3  | Noticed a thrashing horror
 17673 | Abyss:3  | Killed a thrashing horror
 17674 | Abyss:3  | Reached XP level 13. HP: 56/104 MP: 1/25
 17742 | Abyss:3  | Noticed a balrug
 17759 | Lair:1   | Escaped the Abyss
 18564 | Lair:1   | Learned a level 6 spell: Simulacrum
 19260 | Lair:2   | Found a hole to the Spider Nest.
 19371 | Lair:2   | Reached skill level 5 in Ice Magic
 19693 | Lair:2   | Identified the +1 leather armour of the Abyss {rC+}
 20576 | Lair:2   | Noticed Gastronok
 20590 | Lair:2   | Killed Gastronok
 21099 | Lair:3   | Reached skill level 1 in Shields
 21213 | Lair:3   | Noticed a six-headed hydra
 21228 | Lair:3   | Killed a one-headed hydra
 21427 | Lair:3   | Reached XP level 14. HP: 100/114 MP: 20/26
 21456 | Lair:3   | Found a staircase to the Shoals.
 22698 | Lair:4   | Found a dark tunnel.
 22755 | Volcano  | Entered a volcano
 23294 | Volcano  | Noticed a red draconian
 23318 | Volcano  | Slain by a red draconian

Illustrated notes

Levels and vault maps discovered:
D:1:      dpeg_arrival_houses_and_road, layout_basic
D:2:      layout_basic
D:3:      layout_loops_ring, dk_noncrumbling_4, uniq_crazy_yiuf_cottage
D:4:      layout_loops_ring, minmay_temple_entry_trees,
          nicolae_ossuary_entry_plus
D:5:      layout_basic, st_stairs_8, nicolae_alphabet_shops,
          kennysheep_generic_room_13
D:6:      layout_loops_corners, makhleb_grotto_becter, portal_sewer_entry_e
D:7:      layout_basic, mainiacjoe_overflow_concentric_impassable,
          gammafunk_ghost_necromancy, nicolae_sextant
D:8:      layout_cave_pools, nicolae_overflow_hallway_of_the_gods, serial_shops,
          nicolae_stop_n_shop_1
D:9:      layout_long_grid, kennysheep_little_box,
          grunt_lair_entry_orc_guard_hut, david_orc_5,
          kennysheep_generic_room_9, uniq_pikel
D:10:     layout_gridville, zin_purify, minmay_rotating_lava
Temple:   grunt_temple_mini_profane
Lair:1:   layout_chaotic_city, hangedman_lair_generics_rect
Lair:2:   minmay_lair_oklob_tunnel, layout_misc_corridors, dummy_spider_entry,
          uniq_gastronok
Lair:3:   layout_layer_cave, minmay_shoals_entry_hut
Lair:4:   layout_hall_layers, enter_volcano_4, kennysheep_basilisk_garden
Volcano:  hellmonk_zot_springs

Skill      XL: |  1  2  3  4  5  6  7  8  9 10 11 12 13 14 |
---------------+-------------------------------------------+-----
Spellcasting   | 3 4 5 6 8 |  8.0
Fighting       | 2 3 5 7 9 10 11 12 | 12.0
Earth Magic    | 1 2 4 6 7 |  7.0
Conjurations   | 2 4 5 |  5.0
Necromancy     | 7 8 11 12 | 12.3
Stealth        | 4 |  4.0
Long Blades    | 3 5 6 8 |  8.6
Ice Magic      | 3 6 7 |  7.0
Shields        | 1 2 |  2.9
Dodging        | |  2.0

Action                   |  1- 3 |  4- 6 |  7- 9 | 10-12 | 13-15 || total
-------------------------+-------+-------+-------+-------+-------++-------
Melee: Hand axe          |    12 |       |       |       |       ||    12
       Short sword       |    27 |     9 |    17 |     8 |       ||    61
       Punch             |     1 |       |       |       |       ||     1
       Rapier            |       |       |     4 |       |       ||     4
       Mace              |       |       |    10 |       |       ||    10
       Long sword        |       |       |       |    96 |     2 ||    98
       Falchion          |       |       |       |     6 |       ||     6
       Demon blade       |       |       |       |    44 |   226 ||   270
       Scimitar          |       |       |       |       |    11 ||    11
Throw: Boomerang         |       |       |       |     5 |       ||     5
 Cast: Necrotise         |    66 |   100 |    91 |    55 |     1 ||   313
       Sandblast         |       |    24 |    25 |    23 |       ||    72
       Stone Arrow       |       |       |    61 |   194 |    52 ||   307
       Animate Dead      |       |       |     1 |    12 |     8 ||    21
       Ozocubu's Armour  |       |       |       |     9 |    13 ||    22
       Sublimation of Bl |       |       |       |     2 |     1 ||     3
       Death Channel     |       |       |       |     6 |    10 ||    16
       Simulacrum        |       |       |       |       |    13 ||    13
Invok: Unearth Wretches  |       |       |     2 |       |     3 ||     5
Evoke: Wand              |       |       |       |     4 |       ||     4
       Box of beasts     |       |       |       |       |     1 ||     1
  Use: Scroll            |       |     5 |    10 |    10 |     5 ||    30
       Potion            |       |     1 |     1 |     4 |     9 ||    15
 Stab: Sleeping          |     2 |       |       |     2 |     1 ||     5
       Distracted        |       |       |     1 |     5 |     3 ||     9
       Paralysed         |       |       |       |       |     2 ||     2
       Petrified         |       |       |       |       |     1 ||     1
Armor: Robe              |    12 |    27 |    55 |    92 |    59 ||   245
Dodge: Dodged            |    32 |    29 |    56 |   229 |   168 ||   514
Block: Kite shield       |       |    27 |    38 |       |       ||    65
       Buckler           |       |       |     4 |   101 |    42 ||   147
